Map: Mech Depot LE

Players

menasesino - Winner!

  • Race: Terran Terran
  • League: Gold
  • Spawn Location: 1:00

Cuervo

  • Race: Zerg Zerg
  • Spawn Location: 7:00

VOD

Have the link to the VOD?

Description

Time

  • Played on: Sept. 20, 2017, 3:58 p.m.
  • Length: 13:43
Show
View Real Time Build Order
Export as new Build Order

menasesino Terran - Winner!

Build Orders: Command Center First (CC) 

Get SALT Encoding   

  12  0:06  SCV  
  13  0:18  Supply Depot  
  14  0:21  SCV  
  14  0:59  SCV  
  15  1:26  Command Center  
  15  1:28  Barracks  
  15  1:30  SCV  
  16  1:33  Supply Depot  
  16  1:38  Refinery  
  16  1:42  SCV  
  17  1:54  SCV  
  17  2:00  Refinery  
  18  2:07  SCV  
  19  2:19  SCV  
  20  2:27  Marine  
  21  2:35  SCV  
  22  2:44  Marine  
  22  2:47  SCV  
  24  3:02  Marine  
  26  3:12  SCV  
  26  3:19  Factory, SCV  
  27  3:20  Marine  
  27  3:25  SCV  
  27  3:26  Engineering Bay  
  29  3:37  SCV  
  29  3:38  Marine  
  31  3:49  SCV  
  32  3:56  Marine  
  32  3:58  Missile Turret  
  32  4:01  SCV  
  34  4:06  Factory Tech Lab  
  34  4:10  Orbital Command  
  34  4:11  Starport  
  34  4:13  Planetary Fortress  
  34  4:16  Refinery  
  34  4:19  Refinery  
  34  4:20  Missile Turret  
  34  4:23  Armory  
  34  4:39  Siege Tank  
  37  4:46  Missile Turret  
  37  4:51  Starport Tech Lab  
  37  4:52  Starport, Bunker  
  37  5:03  Marine  
  38  5:07  SCV  
  39  5:19  SCV  
  39  5:20  Siege Tank  
  43  5:31  SCV  
  43  5:35  Starport Tech Lab  
  43  5:38  Fusion Core  
  43  5:43  SCV  
  44  5:55  SCV  
  45  6:07  SCV  
  46  6:12  Terran Ship Weapons Level 1  
  46  6:26  Supply Depot  
  46  6:27  Weapon Refit, Supply Depot  
  46  6:47  SCV  
  46  6:48  Battlecruiser  
  46  6:49  Supply Depot  
  46  6:50  Supply Depot  
  53  7:00  SCV  
  54  7:12  SCV  
  54  7:15  Battlecruiser  
  61  7:18  Starport  
  61  7:21  Supply Depot  
  61  7:24  SCV  
  62  7:31  Widow Mine  
  62  7:36  SCV  
  65  7:44  Supply Depot  
  65  7:48  SCV  
  66  7:55  Battlecruiser  
  66  7:57  Starport Tech Lab  
  72  8:00  SCV, Widow Mine  
  75  8:12  SCV  
  76  8:20  Battlecruiser  
  76  8:24  SCV  
  83  8:36  SCV  
  84  8:44  Terran Ship Weapons Level 2  
  84  8:53  Command Center  
  84  8:55  Missile Turret  
  84  9:01  Battlecruiser  
  90  9:17  Marine, Bunker  
  90  9:19  Widow Mine  
  93  9:32  Supply Depot  
  93  9:33  Supply Depot  
  93  9:34  Marine  
  94  9:49  Refinery  
  94  9:53  Marine, Widow Mine  
  97  10:01  Battlecruiser  
  103  10:11  Marine  
  104  10:22  Widow Mine  
  106  10:37  Battlecruiser  
  106  10:40  Battlecruiser  
  104  10:50  Widow Mine  
  75  12:10  Fusion Core  
  75  12:21  SCV  
  74  12:33  SCV  
  75  12:45  SCV  
  76  12:57  SCV  
  77  13:00  Orbital Command  
  77  13:09  SCV  
Show
View Real Time Build Order
Export as new Build Order

Cuervo Zerg 

Build Orders: Hatch First 

Get SALT Encoding   

  12  0:01  Drone  
  13  0:12  Overlord  
  13  0:17  Drone  
  14  0:30  Drone x2  
  16  0:37  Drone  
  17  0:55  Hatchery  
  17  0:57  Drone  
  17  1:00  Drone  
  18  1:11  Drone  
  18  1:17  Spawning Pool  
  18  1:21  Extractor  
  18  1:23  Drone  
  18  1:28  Drone  
  19  1:39  Drone  
  20  1:49  Overlord  
  20  2:04  Zergling x2  
  20  2:06  Queen x2  
  25  2:11  Drone x2  
  27  2:22  Drone x2  
  29  2:36  Drone x2  
  31  2:39  Drone  
  32  2:46  Overlord  
  32  2:50  Overlord  
  32  2:55  Metabolic Boost, Roach Warren  
  31  3:07  Drone x3  
  34  3:21  Zergling x2  
  34  3:22  Zergling x6  
  34  3:23  Zergling x6  
  41  3:31  Drone x2  
  43  3:36  Roach  
  45  3:46  Roach  
  47  3:48  Overlord  
  47  3:50  Roach x2  
  51  4:02  Overlord x2  
  51  4:04  Zergling x2  
  51  4:07  Roach x2  
  56  4:16  Roach x2  
  60  4:21  Roach  
  62  4:28  Roach x2  
  62  4:29  Roach x2  
  70  4:31  Overlord x2  
  70  4:33  Roach  
  72  4:44  Roach  
  74  4:55  Roach, Zergling x4  
  74  4:56  Zergling x10  
  83  5:13  Zergling x2  
  83  5:14  Zergling x4  
  86  5:21  Roach x2  
  90  5:26  Overlord x3  
  68  6:04  Roach x2  
  68  6:05  Roach x4  
  78  6:13  Extractor  
  78  6:18  Extractor  
  76  6:20  Extractor  
  76  6:24  Queen  
  77  6:26  Queen  
  79  6:38  Hatchery  
  78  6:42  Roach x4  
  86  6:49  Drone x2  
  86  6:50  Drone x6  
  94  7:02  Drone x3  
  97  7:09  Drone x2  
  99  7:17  Evolution Chamber  
  99  7:20  Lair  
  99  7:21  Evolution Chamber  
  97  7:25  Roach x4  
  97  7:26  Roach  
  107  7:37  Overlord x3  
  107  7:38  Overlord x2  
  107  7:50  Roach  
  107  7:51  Roach x2  
  113  7:57  Zerg Ground Armor Level 1  
  113  7:58  Zerg Missile Weapons Level 1  
  113  8:06  Drone x8  
  121  8:22  Drone  
  121  8:23  Drone x7  
  129  8:30  Ravager  
  129  8:32  Ravager x5  
  135  8:44  Extractor  
  135  8:45  Drone x4  
  135  8:46  Extractor  
  137  8:53  Overseer  
  137  8:58  Hatchery  
  137  9:01  Glial Reconstitution  
  136  9:09  Infestation Pit  
  135  9:10  Overseer  
  135  9:19  Nydus Network  
  135  9:22  Overseer  
  134  9:26  Drone  
  134  9:27  Drone x2  
  134  9:28  Drone x3  
  140  9:32  Ravager  
  141  9:40  Drone  
  141  9:41  Drone x4  
  146  9:49  Swarm Host x2  
  146  9:52  Overlord x5  
  152  9:53  Overlord x6  
  152  10:09  Zerg Ground Armor Level 2  
  152  10:11  Overseer  
  152  10:23  Drone x6  
  152  10:24  Drone x5  
  152  10:27  Extractor  
  126  10:38  Roach  
  126  10:39  Roach x5  
  103  10:51  Spore Crawler  
  103  10:56  Spore Crawler  
  96  10:59  Zergling x2  
  96  11:00  Zergling x16  
  92  11:25  Drone x4  
  85  11:43  Spawning Pool  
  55  12:38  Spore Crawler x2  
  55  12:40  Spore Crawler x2  
  55  12:43  Spore Crawler  
  33  12:45  Spore Crawler x2  
  33  12:47  Drone x5  
  33  12:49  Spore Crawler  
  33  12:50  Spore Crawler  
  25  12:51  Spore Crawler  
  25  12:52  Spore Crawler  
  25  12:53  Queen  
  21  12:59  Spore Crawler  
  17  13:21  Spore Crawler  
Tags
 
Add a new tag
Caveats
  • Supply blocks, unpowered buildings, or Contaminate may cause inaccurate times.
  • Supply counts are checked every 10 seconds.